 Dungeon Crawl Stone Soup version 0.22-a0-247-gbddf880757 (webtiles) character file.

545 RedPan the Slasher (level 7, -1/52 HPs)
             Began as a Demonspawn Monk on Feb 27, 2018.
             Slain by an orc
             ... wielding the +7 trident "Wetiaryg" {pain, Dex+4}
              (6 damage)
             ... on level 4 of the Dungeon.
             The game lasted 00:05:46 (3711 turns).

RedPan the Slasher (Demonspawn Monk)                Turns: 3711, Time: 00:05:47

Health: -1/52      AC: 12    Str: 14    XL:     7   Next: 6%
Magic:  7/7        EV: 11    Int: 11    God:
Gold:   262        SH:  0    Dex: 15    Spells: 6/6 levels left

rFire    + . .     SeeInvis .   a - +2 falchion
rCold    . . .     Gourm    .   (no shield)
rNeg     . . .     Faith    .   i - +0 scale mail
rPois    .         Spirit   .   o - +1 helmet
rElec    .         Reflect  .   (no cloak)
rCorr    .         Harm     .   q - +0 pair of gloves
MR       .....                  (no boots)
Stlth    +.........             (no amulet)
HPRegen  0.17/turn              g - ring of wizardry
MPRegen  0.10/turn              b - ring of protection from fire

@: no status effects
A: claws 1, icy blue scales 1, spiny 1
a: no special abilities


You were on level 4 of the Dungeon.
You were hungry.

You visited 1 branch of the dungeon, and saw 4 of its levels.

You collected 262 gold pieces.

Inventory:

Hand Weapons
 a - a +2 falchion (weapon)
Armour
 i - a +0 scale mail (worn)
 o - a +1 helmet (worn)
 q - a +0 pair of gloves (worn)
Jewellery
 b - a ring of protection from fire (right hand)
 g - a ring of wizardry (left hand)
Wands
 m - a wand of iceblast (7)
Scrolls
 d - a scroll of enchant armour
 t - a scroll of remove curse
 v - a scroll of identify
Potions
 e - a potion of cancellation {unknown}
 f - a potion of haste
 h - 2 potions of magic {unknown}
 j - 7 potions of berserk rage
 k - a potion of heal wounds {unknown}
 l - a potion of degeneration {unknown}
 n - 2 potions of lignification {unknown}
 p - 2 potions of curing {unknown}
 r - a potion of brilliance {unknown}
 s - a potion of invisibility {unknown}
 u - a potion of agility {unknown}
Comestibles
 c - 8 rations


   Skills:
 - Level 3.0 Fighting
 * Level 5.6 Long Blades
 + Level 2.9 Armour
 + Level 4.3 Dodging
 - Level 1.7 Stealth


You had 6 spell levels left.
You didn't know any spells.

Dungeon Overview and Level Annotations

Branches:
Dungeon (4/15)
 Temple: D:4-7

Altars:


Innate Abilities, Weirdness & Mutations

You have sharp fingernails.
You are partially covered in icy blue scales. (AC +2)
You are partially covered in sharp spines.


Message History

The orc hits you from afar with a crude trident {pain}.
You completely miss the orc.
The orc is almost dead.
The orc completely misses you.
You riposte.
You hit the orc but do no damage.
The orc is severely wounded.
The orc is struck by your spines.
You kill the orc!
You hit the orc but do no damage.
The orc is severely wounded.
The orc misses you. The orc closely misses you.
You hit the orc but do no damage.
The orc is severely wounded.
The orc hits you from afar with a crude trident {pain}.
* * * LOW HITPOINT WARNING * * *
You slash the orc!
You kill the orc!
The orc hits you from afar with a crude trident {pain}!
* * * LOW HITPOINT WARNING * * *
The orc hits you with a crude trident {pain}.
You die...

#.########
#.......)#
#.######.# #.#
######)######.
#.............
...###.††#####.
#.....####.
##.@)...... #
##o####### #
#.# # #.# # #'#
# ... # ... #
... # .#####


You could see an orc.

Vanquished Creatures
  3 ogres
  A howler monkey (D:3)
  A bullfrog skeleton (D:4)
  2 orc priests (D:4)
  Ijyb (D:3)
  A worker ant (D:4)
  3 adders (D:3)
  A worm (D:2)
  A dart slug (D:1)
  2 leopard geckos
  13 orcs
  6 ball pythons
  4 giant cockroaches
  5 goblins
  5 hobgoblins
  5 jackals (D:4)
  2 quokkas (D:2)
  9 bats
  2 frilled lizards (D:2)
  9 kobolds
  3 rats
79 creatures vanquished.

Notes
Turn   | Place    | Note
-------+----------+-------------------------------------------
     0 | D:1      | RedPan the Demonspawn Monk began the quest for the Orb.
     0 | D:1      | Reached XP level 1. HP: 18/18 MP: 1/1
   286 | D:1      | Reached skill level 3 in Long Blades
   468 | D:1      | Gained mutation: You are partially covered in sharp spines. [demonic ancestry]
   468 | D:1      | Reached XP level 2. HP: 13/24 MP: 2/2
  1351 | D:2      | Noticed an ogre
  1501 | D:2      | Gained mutation: You have sharp fingernails. [demonic ancestry]
  1501 | D:2      | Reached XP level 3. HP: 28/29 MP: 3/3
  1966 | D:2      | Killed an ogre
  1966 | D:2      | Reached skill level 4 in Long Blades
  1966 | D:2      | Reached skill level 1 in Armour
  1966 | D:2      | Reached XP level 4. HP: 19/35 MP: 4/4
  2264 | D:3      | Noticed Ijyb
  2276 | D:3      | Reached XP level 5. HP: 35/41 MP: 5/5
  2281 | D:3      | Killed Ijyb
  2938 | D:4      | Gained mutation: You are partially covered in icy blue scales. (AC +2) [demonic ancestry]
  2938 | D:4      | Reached XP level 6. HP: 17/47 MP: 6/6
  2956 | D:4      | Reached skill level 5 in Long Blades
  3680 | D:4      | Reached XP level 7. HP: 29/52 MP: 7/7
  3711 | D:4      | Identified the +7 trident "Wetiaryg" {pain, Dex+4}
  3711 | D:4      | Slain by an orc

Vault maps used:
D:1:      minmay_arrival_pointy
D:3:      minmay_shallow_snake_nest, uniq_ijyb

Skill      XL: |  1  2  3  4  5  6 |
---------------+-------------------+-----
Long Blades    | 3 4 5 |  5.6
Dodging        | 3 4 |  4.3
Armour         | 1 2 |  2.9
Fighting       | |  3.0
Stealth        | |  1.7

Action                   |  1- 3 |  4- 6 |  7- 9 || total
-------------------------+-------+-------+-------++-------
Melee: Falchion          |    90 |   102 |    15 ||   207
  Use: Scroll            |     8 |     4 |       ||    12
       Potion            |     1 |     1 |       ||     2
  Eat: Chunk             |     3 |     5 |       ||     8
Armor: Robe              |     2 |       |       ||     2
       Scale mail        |    30 |    40 |     6 ||    76
Dodge: Dodged            |    54 |    44 |    10 ||   108
       Rpst.: Falchion   |    18 |    18 |     4 ||    40

Table legend:
 A = Spawn XP
 B = Non-spawn XP
 C = Spawn XP percentage of total XP
 D = Spawn monster count
 E = Non-spawn monster count
 F = Spawn count percentage of total count
 G = Total turns spent on level
                    A         B        C        D         E        F      G
               +---------+---------+-------+---------+---------+-------+---------
         Total |       0 |     779 |   0.0 |       0 |      79 |   0.0 |  3711
               +---------+---------+-------+---------+---------+-------+---------
           D:1 |       0 |      22 |   0.0 |       0 |      11 |   0.0 |  1340
           D:2 |       0 |     169 |   0.0 |       0 |      28 |   0.0 |   790
           D:3 |       0 |     158 |   0.0 |       0 |      20 |   0.0 |   729
           D:4 |       0 |     430 |   0.0 |       0 |      20 |   0.0 |   852
               +---------+---------+-------+---------+---------+-------+---------
